 Dungeon Crawl Stone Soup version 0.20.1-1-g8b1a95d (webtiles) character file.

2570 InappropriateContent the Fighter (level 9, -14/60 HPs)
             Began as a Gargoyle Berserker on Dec 8, 2017.
             Was an Elder of Trog.
             Killed from afar by a wretched star (18 damage)
             ... with an orb of energy
             ... on level 1 of the Abyss on Dec 11, 2017.
             The game lasted 00:29:55 (6005 turns).

InappropriateContent the Fighter (GrBe)             Turns: 6005, Time: 00:29:55

Health: -14/60     AC: 18    Str: 23 (24) XL:     9   Next: 57%
Magic:  9/9        EV:  9    Int:  7      God:    Trog [****..]
Gold:   236        SH:  4    Dex: 10      Spells: 8/8 levels left

rFire    . . .     SeeInvis .   z - +0 flail (holy)
rCold    . . .     Gourm    .   l - +0 buckler
rNeg     + . .     Faith    .   v - +0 chain mail
rPois    ∞         Spirit   .   (no helmet)
rElec    +         Reflect  .   r - +0 cloak
rCorr    .         Harm     .   (no gloves)
MR       .....                  o - +1 pair of boots
Stlth    ..........             (no amulet)
Regen    0.2/turn               (no ring)
MPRegen  0.2/turn               (no ring)

@: drained
A: negative energy resistance 1, electricity resistance, unbreathing,
petrification resistance, rot immunity, AC +5
a: Berserk, Trog's Hand, Brothers in Arms, Burn Spellbooks, Renounce Religion


You were on level 1 of the Abyss.
You worshipped Trog.
Trog was greatly pleased with you.
You were very hungry.

You visited 1 branch of the dungeon, and saw 6 of its levels.
You visited the Abyss 1 time.

You collected 236 gold pieces.

Inventory:

Hand Weapons
 a - a +0 hand axe
 y - a cursed -3 mace
 z - a +0 flail of holy wrath (weapon)
Missiles
 f - 11 tomahawks
 C - 2 tomahawks of returning (quivered)
Armour
 k - a +1 pair of boots
 l - a +0 buckler (worn)
 o - a +1 pair of boots (worn)
 r - a +0 cloak (worn)
 v - a +0 chain mail (worn)
Wands
 c - a wand of flame (10/48)
 s - a wand of lightning (3/15)
 t - a wand of lightning (4/15)
Scrolls
 p - a scroll of teleportation
 q - a scroll of enchant armour
 A - a scroll of recharging
 E - a scroll of remove curse
Potions
 e - a potion of brilliance
 g - 2 potions of haste {unknown}
 h - 2 potions of curing
 j - a potion of invisibility {unknown}
 n - 3 potions of flight {unknown}
 u - a potion of berserk rage {unknown}
 w - a potion of might {unknown}
 x - a potion of lignification {unknown}
Comestibles
 b - a bread ration
 d - 2 royal jellies
 i - a fruit
 m - 4 meat rations


   Skills:
 * Level 8.8(8.0) Fighting
 * Level 7.2(6.5) Axes
 + Level 2.0(4.6) Maces & Flails
 + Level 4.9(4.1) Armour
 - Level 3.2(2.5) Dodging
 + Level 4.3(3.6) Shields


You had 8 spell levels left.
You didn't know any spells.

Dungeon Overview and Level Annotations

Branches:
Dungeon (6/15)             Temple (0/1) D:5

Altars:
Ashenzari
Dithmenos
Kikubaaqudgha
Makhleb
Qazlal
Ru
Uskayaw
Vehumet
The Shining One

Annotations:
D:6 oZjannson's ghost, novice GrFi


Innate Abilities, Weirdness & Mutations

You are resistant to torment.
Your stone body is resilient. (AC +5)
You are immune to poison.
You resist negative energy. (rN+)
You are resistant to electric shocks. (rElec)
You can survive without breathing.
You are immune to petrification.
You are immune to rotting.


Message History

You feel weakened.
You feel better.
The eidolon hits you but does no damage.
The eidolon hits you!
* * * LOW HITPOINT WARNING * * *
Found a scroll of random uselessness.
You are suddenly pulled into a different region of the Abyss!
Found 2 black potions.
A wretched star comes into view.
The wretched star glows turbulently.
The orb of energy hits you!
* * * LOW HITPOINT WARNING * * *
The orb of energy explodes!
The wretched star glows turbulently.
The orb of energy hits you!
The wretched star glows turbulently.
The orb of energy misses you.
The wretched star glows turbulently.
The orb of energy hits you!
You die...

. ...... #.... ###.
.##.#..#...###.
#.#.#.###...#..
#.##......#...
###..#..#.#.##...
#...###.....###.#
##....*...#..#. .#
#@.#.....#. .#...
##..##.##..*##. ..#.#
.....#..#..##.# ###...
#.#.........##..*.###.
....#........##... .##
##..##.##...#.#.####.#
###... ##.##.## #. #
.##. ##. . #.### . #
#. ##


You could see a wretched star.

Vanquished Creatures
  The ghost of Kave the Ruffian, an amateur TrTm (D:4)
  Grinder (D:4)
  Menkaure (D:4)
  Duvessa (D:4)
  3 ice beasts
  2 sky beasts (D:5)
  An ogre (D:4)
  2 phantoms
  A bullfrog (D:5)
  Dowan (D:4)
  3 howler monkeys
  3 vampire bats (D:2)
  A crimson imp (D:3)
  4 hounds
  Crazy Yiuf (D:4)
  A jelly (D:5)
  A bullfrog skeleton (D:3)
  2 orc priests (D:5)
  4 orc wizards
  Ijyb (D:3)
  2 iguanas
  5 worker ants
  2 hound skeletons (D:4)
  6 adders
  3 gnolls (D:3)
  An ooze (D:5)
  An adder skeleton (D:4)
  A worm (D:3)
  2 dart slugs
  4 leopard geckos
  21 orcs
  5 ball pythons
  2 bat skeletons (D:2)
  3 bat zombies (D:2)
  6 giant cockroaches
  10 goblins
  5 hobgoblins
  4 jackals
  4 quokkas
  A ball python skeleton (D:5)
  9 bats
  5 frilled lizards
  A jackal skeleton (D:4)
  5 kobolds
  A leopard gecko skeleton (D:5)
  A leopard gecko zombie (D:5)
  9 rats
154 creatures vanquished.

Notes
Turn   | Place    | Note
-------+----------+-------------------------------------------
     0 | D:1      | InappropriateContent the Gargoyle Berserker began the quest for the Orb.
     0 | D:1      | Reached XP level 1. HP: 14/14 MP: 1/1
   107 | D:1      | Reached XP level 2. HP: 18/19 MP: 2/2
  1030 | D:2      | Reached XP level 3. HP: 21/24 MP: 3/3
  1034 | D:2      | Reached ** piety under Trog
  1163 | D:2      | Reached skill level 4 in Fighting
  1401 | D:2      | Reached XP level 4. HP: 23/29 MP: 4/4
  1485 | D:2      | Found an ancient bone altar of Kikubaaqudgha.
  1496 | D:2      | Reached XP level 5. HP: 33/34 MP: 5/5
  1542 | D:2      | Reached skill level 5 in Fighting
  1807 | D:3      | Found a shattered altar of Ashenzari.
  1873 | D:3      | Found a faded altar of an unknown god.
  2063 | D:3      | Reached *** piety under Trog
  2157 | D:3      | Reached XP level 6. HP: 33/40 MP: 6/6
  2231 | D:3      | Noticed Ijyb
  2249 | D:3      | Killed Ijyb
  2422 | D:3      | Found a stormy altar of Qazlal.
  2422 | D:3      | Found a shadowy altar of Dithmenos.
  2880 | D:4      | Noticed Kave's ghost (amateur TrTm)
  2896 | D:4      | Killed Kave's ghost
  2896 | D:4      | Reached skill level 6 in Fighting
  2896 | D:4      | Reached skill level 5 in Axes
  2896 | D:4      | Reached XP level 7. HP: 46/46 MP: 7/7
  2963 | D:4      | Noticed Menkaure
  2979 | D:4      | Killed Menkaure
  2996 | D:4      | Noticed Dowan
  2999 | D:4      | Noticed Duvessa
  3025 | D:4      | Killed Duvessa
  3025 | D:4      | Reached skill level 1 in Shields
  3293 | D:4      | Killed Dowan
  3293 | D:4      | Reached XP level 8. HP: 52/52 MP: 8/8
  3434 | D:4      | Received a gift from Trog
  3434 | D:4      | Reached skill level 7 in Fighting
  3509 | D:4      | Noticed Grinder
  3539 | D:4      | Killed Grinder
  3719 | D:4      | Found a glowing golden altar of the Shining One.
  3933 | D:4      | Found a runed door.
  3937 | D:4      | Noticed Crazy Yiuf
  3943 | D:4      | Killed Crazy Yiuf
  4000 | D:4      | Found a radiant altar of Vehumet.
  4638 | D:5      | Entered Level 5 of the Dungeon
  4938 | D:5      | Found a staircase to the Ecumenical Temple.
  4973 | D:5      | Reached XP level 9. HP: 41/59 MP: 9/9
  4978 | D:5      | Reached skill level 8 in Fighting
  4978 | D:5      | Reached skill level 1 in Maces & Flails
  5374 | D:5      | Found a sacrificial altar of Ru.
  5623 | D:5      | Found a burning altar of Makhleb.
  5783 | D:5      | Found a hide-covered altar of Uskayaw.
  5809 | D:6      | Noticed oZjannson's ghost (novice GrFi)
  5818 | D:5      | Reached **** piety under Trog
  5924 | D:6      | Cast into level 1 of the Abyss (oZjannson's ghost)
  5942 | Abyss:1  | Noticed an eidolon
  5996 | Abyss:1  | Noticed a wretched star
  5997 | Abyss:1  | HP: 3/60 [wretched star/orb of energy (19)]
  6005 | Abyss:1  | Killed from afar by a wretched star

Skill      XL: |  1  2  3  4  5  6  7  8  9 |
---------------+----------------------------+-----
Axes           | 3 4 5 6 7 |  7.2
Fighting       | 4 5 6 7 8 |  8.8
Dodging        | 2 3 |  3.2
Shields        | 1 3 4 |  4.3
Armour         | 3 4 |  4.9
Maces & Flails | 2 |  2.0

Action                   |  1- 3 |  4- 6 |  7- 9 || total
-------------------------+-------+-------+-------++-------
Melee: Hand axe          |   152 |   231 |   156 ||   539
       Flail             |       |       |   229 ||   229
Throw: Tomahawk          |       |       |     2 ||     2
Invok: Berserk           |       |     2 |     5 ||     7
       Trog's Hand       |       |     2 |     2 ||     4
Evoke: Wand              |       |     2 |     4 ||     6
  Use: Scroll            |     5 |     3 |     6 ||    14
       Potion            |       |       |     1 ||     1
 Stab: Sleeping          |       |     1 |       ||     1
  Eat: Chunk             |     2 |     1 |     6 ||     9
       Fruit             |       |     1 |       ||     1
       Bread ration      |       |     1 |       ||     1
       Royal jelly       |       |       |     2 ||     2
       Meat ration       |       |       |     1 ||     1
Armor: Animal skin       |    82 |   108 |       ||   190
       Ring mail         |       |    15 |    57 ||    72
       Chain mail        |       |       |   217 ||   217
Dodge: Dodged            |   162 |   147 |   183 ||   492
Block: Buckler           |     3 |    22 |    72 ||    97
